 Dungeon Crawl Stone Soup version 0.20.0-4-g10b340a (webtiles) character file.

9 RKaid the Chiller (level 2, -2/17 HPs)
             Began as a Halfling Ice Elementalist on May 27, 2017.
             Slain by a goblin
             ... wielding a +0 club
              (4 damage)
             ... on level 1 of the Dungeon.
             The game lasted 00:01:15 (295 turns).

RKaid the Chiller (Halfling Ice Elementalist)        Turns: 295, Time: 00:01:15

Health: -2/17      AC:  2    Str:  9    XL:     2   Next: 25%
Magic:  2/4        EV: 15    Int: 13    God:
Gold:   16         SH:  0    Dex: 14    Spells: 3/4 levels left

rFire    . . .     SeeInvis .   d - +0 short sword
rCold    . . .     Gourm    .   (shield restricted)
rNeg     . . .     Faith    .   a - +0 robe
rPois    .         Spirit   .   (no helmet)
rElec    .         Reflect  .   (no cloak)
rCorr    .         Harm     .   (no gloves)
MR       .....                  (no boots)
Stlth    ++........             (no amulet)
Regen    0.1/turn               (no ring)
MPRegen  0.1/turn               (no ring)

@: no status effects
A: mutation resistance 1
a: no special abilities


You were on level 1 of the Dungeon.
You were not hungry.

You visited 1 branch of the dungeon, and saw 1 of its levels.

You collected 16 gold pieces.

Inventory:

Hand Weapons
 d - a +0 short sword (weapon)
   (You found it on level 1 of the Dungeon)
Armour
 a - a +0 robe (worn)
Scrolls
 g - a scroll of identify {unknown}
Potions
 e - a potion of heal wounds {unknown}
 f - a potion of brilliance {unknown}
Books
 b - a book of Frost
Comestibles
 c - a bread ration
 h - a royal jelly


   Skills:
 + Level 0.5 Short Blades
 + Level 2.6 Dodging
 - Level 2.1 Stealth
 - Level 1.5 Spellcasting
   Level 0.7 Conjurations
 + Level 3.2 Ice Magic


You had 3 spell levels left.
You knew the following spells:

 Your Spells              Type           Power        Failure   Level  Hunger
a - Freeze                Ice            #...         7%          1    ##.....


Dungeon Overview and Level Annotations

Branches:
Dungeon (1/15)

Altars:


Innate Abilities, Weirdness & Mutations

You are small and have problems with some larger weapons.
You are somewhat resistant to further mutation.


Message History

There is an open door here.
f - a purple potion
There is an open door here.
You open the door.
There is an open door here.
Found a stone staircase leading down.
An ooze comes into view.
The helpless ooze fails to defend itself.
You hit the ooze. The ooze barely misses you.
You hit the ooze. The ooze hits you but does no damage.
You barely miss the ooze. The ooze hits you.
You hit the ooze. The ooze hits you.
Casting: Freeze
Confirm with . or Enter, or press ? or * to list all spells.
Aiming: Freeze
Press: ? - help, Shift-Dir - straight line, f - ooze
Aim: an ooze (severely wounded)
You freeze the ooze. The ooze completely misses you. The ooze misses you.
Casting: Freeze
Confirm with . or Enter, or press ? or * to list all spells.
Aiming: Freeze
Press: ? - help, Shift-Dir - straight line, f/p - ooze
Aim: an ooze (almost dead)
You freeze the ooze.
You kill the ooze!
g - a scroll labeled XIUXZEX TIPUB You start resting.
There is a stone staircase leading down here.
You now have 12 gold pieces.
You now have 16 gold pieces (gained 4).
A hobgoblin comes into view.
You see here a royal jelly.
h - a royal jelly A giant cockroach comes into view.
A bat and a goblin come into view.
The hobgoblin shouts!
Found an escape hatch in the floor.
A bat comes into view.
The bat completely misses you. The bat closely misses you.
The hobgoblin barely misses you. The bat closely misses you.
The bat closely misses you.
You hit the bat.
You kill the bat!
You have reached level 2!
You barely miss the hobgoblin. The hobgoblin barely misses you.
The hobgoblin closely misses you.
You hit the hobgoblin. The hobgoblin closely misses you.
You hit the hobgoblin.
You kill the hobgoblin!
The bat barely misses you.
You closely miss the bat. The bat misses you.
The bat hits you but does no damage. The bat misses you. x2
You miss the bat. The bat hits you but does no damage.
You barely miss the bat. The bat hits you.
Casting: Freeze
Confirm with . or Enter, or press ? or * to list all spells.
Aiming: Freeze
Press: ? - help, Shift-Dir - straight line, f - giant cockroach
Aim: a giant cockroach (clinging)
You freeze the giant cockroach.
The goblin shouts!
The giant cockroach barely misses you. (m)acro, (M)acro raw, keymap [(k) default, (x) level-map, (t)argeting, (c)onfirm, m(e)nu], (s)ave?
Input macro trigger key: 1 Current Action: za Do you wish to (r)edefine, (c)lear, or (a)bort?
Input macro action: za.
Created macro '1' => 'za.'.
You hit the giant cockroach but do no damage.
The giant cockroach bites you.
You closely miss the giant cockroach. The giant cockroach closely misses you.
The giant cockroach completely misses you.
You hit the giant cockroach.
You kill the giant cockroach!
The bat misses you. x2
You hit the bat.
You kill the bat!
You closely miss the goblin. The goblin barely misses you.
You hit the goblin. The goblin hits you but does no damage.
You closely miss the goblin. The goblin hits you with a club.
You closely miss the goblin. The goblin hits you with a club.
You hit the goblin but do no damage. You closely miss the goblin.
The goblin hits you with a club.
* * * LOW HITPOINT WARNING * * *
Casting: Freeze
Confirm with . or Enter, or press ? or * to list all spells.
Aiming: Freeze
Press: ? - help, Shift-Dir - straight line, f - goblin
Aim: a goblin, wielding a club (moderately wounded)
You freeze the goblin. The goblin hits you but does no damage.
Casting: Freeze
Confirm with . or Enter, or press ? or * to list all spells.
Aiming: Freeze
Press: ? - help, Shift-Dir - straight line, f/p - goblin
Aim: a goblin, wielding a club (heavily wounded)
You freeze the goblin. The goblin hits you with a club.
You die...

#..####.#.# #..#
.. ######..# #
........#####....
#####...........#
#...#####.#.# #
#...#
.##..#####...####
.......@g.......#
###..####.......#
# #.........
...........
##.........>
..........g
#........#
###...#..


You could see a goblin.

Vanquished Creatures
  An ooze (D:1)
  2 bats (D:1)
  A giant cockroach (D:1)
  A hobgoblin (D:1)
5 creatures vanquished.

Notes
Turn   | Place    | Note
-------+----------+-------------------------------------------
     0 | D:1      | RKaid the Halfling Ice Elementalist began the quest for the Orb.
     0 | D:1      | Reached XP level 1. HP: 11/11 MP: 3/3
   275 | D:1      | Reached XP level 2. HP: 17/17 MP: 4/4
   293 | D:1      | HP: 2/17 [goblin/club (4)]
   295 | D:1      | Slain by a goblin

Action                   || total
-------------------------++-------
Melee: Short sword       ||    21
 Cast: Freeze            ||     5
 Stab: Sleeping          ||     1
Armor: Robe              ||     3
Dodge: Dodged            ||    21

Table legend:
 A = Turns spent in this place as a percentage of turns spent in the entire game.
 B = Non-inter-level travel turns spent in this place as a percentage of non-inter-level travel turns spent in the entire game.
 C = Inter-level travel turns spent in this place as a percentage of turns spent in this place.
 D = Turns resting spent in this place as a percentage of non-inter-level travel turns spent in this place.
 E = Turns spent auto-exploring this place as a percentage of non-inter-level travel turns spent in this place.
 F = Non-inter-level travel turns spent in this place divided by the number of levels of this place that you've seen.
                   A       B       C       D       E      F
               +-------+-------+-------+-------+-------+----------------------
         Total | 100.0 | 100.0 |   0.0 |   2.1 |   3.2 |  95.0
       Dungeon | 100.0 | 100.0 |   0.0 |   2.1 |   3.2 |  95.0
               +-------+-------+-------+-------+-------+----------------------

Table legend:
 A = Kills in this place as a percentage of kills in entire the game.
 B = Kills by you in this place as a percentage of kills by you in the entire game.
 C = Kills by friends in this place as a percentage of kills by friends in the entire game.
 D = Other kills in this place as a percentage of other kills in the entire game.
 E = Experience gained in this place as a percentage of experience gained in the entire game.
 F = Experience gained in this place divided by the number of levels of this place that you have seen.
                   A       B       C       D       E      F
               +-------+-------+-------+-------+-------+----------------------
         Total | 100.0 | 100.0 |  -nan |  -nan | 100.0 |  14.0
       Dungeon | 100.0 | 100.0 |  -nan |  -nan | 100.0 |  14.0
               +-------+-------+-------+-------+-------+----------------------
